TOP OF THE 1ST |
Las Vegas 51s batting - Pitching for Indianapolis Indians : LHP Josh Ramirez
|
Pitching: LHP Josh Ramirez
|
|
Batting: RHB Ken Fitzpatrick
|
0-0: Foul Ball, location: 2F 0-1: Called Strike 0-2: Ball 1-2: Foul Ball, location: 2F 1-2: Ball 2-2: Ground out 6-3 (Groundball, 6, EV 111.2 MPH)
|
Batting: RHB Devine Adams
|
0-0: Foul Ball, location: 2F 0-1: Ball 1-1: Ball 2-1: Called Strike 2-2: Ball 3-2: Base on Balls
|
Batting: RHB Josh Jones
|
0-0: Ball 1-0: Foul Ball, location: 2F 1-1: Ball 2-1: Swinging Strike 2-2: Strikes out swinging
|
Batting: SHB Harrison Feist
|
0-0: Called Strike 0-1: Ball 1-1: Ball 2-1: Fly out, F9 (Flyball, 9D, EV 93.8 MPH)
|
Top of the 1st over - 0 runs, 0 hits, 0 errors, 1 left on base; Las Vegas 0 - Indianapolis 0 |
BOTTOM OF THE 1ST |
Indianapolis Indians batting - Pitching for Las Vegas 51s : RHP Tony Castellanos
|
Pitching: RHP Tony Castellanos
|
|
Batting: RHB Luis Ramos
|
0-0: Fly out, F8 (Line Drive, 78M, EV 102.5 MPH)
|
Batting: RHB Jerry Escamilla
|
0-0: Foul Ball, location: 2F 0-1: Fly out, F6 (Popup, 4M, EV 78.8 MPH)
|
Batting: LHB Edwin Aguilar
|
0-0: Called Strike 0-1: Ball 1-1: SINGLE (Line Drive, 8LS, EV 106.2 MPH)
|
Batting: LHB Marc Carter
|
0-0: Ball 1-0: Called Strike 1-1: Ball Edwin Aguilar steals 2nd base 2-1: Fly out, F3 (Line Drive, 3, EV 69.4 MPH)
|
Bottom of the 1st over - 0 runs, 1 hit, 0 errors, 1 left on base; Las Vegas 0 - Indianapolis 0 |
TOP OF THE 2ND |
Las Vegas 51s batting - Pitching for Indianapolis Indians : LHP Josh Ramirez
|
Batting: SHB Nelson Powell
|
0-0: Ball 1-0: Ball 2-0: Ball 3-0: Base on Balls
|
Batting: RHB Darwin Mills
|
0-0: Ball 1-0: Ball 2-0: Grounds into double play, 5-4-3 (Groundball, 5L, EV 86.9 MPH)
|
Batting: RHB Roger Renteria
|
0-0: Fly out, F7 (Line Drive, 7S, EV 100.0 MPH)
|
Top of the 2nd over - 0 runs, 0 hits, 0 errors, 0 left on base; Las Vegas 0 - Indianapolis 0 |
BOTTOM OF THE 2ND |
Indianapolis Indians batting - Pitching for Las Vegas 51s : RHP Tony Castellanos
|
Batting: RHB Chris Pozzi
|
0-0: Called Strike 0-1: Swinging Strike 0-2: Ball 1-2: SINGLE (Line Drive, 4MD, EV 101.2 MPH)
|
Batting: RHB Adam Kaeser
|
0-0: Called Strike 0-1: Ball 1-1: Foul Ball, location: 2F 1-2: Foul Ball, location: 2F 1-2: Grounds into double play, 4-6-3 (Groundball, 4, EV 90.6 MPH)
|
Batting: RHB Caleb Russell
|
0-0: Called Strike 0-1: Ball 1-1: Ground out 6-3 (Groundball, 6, EV 81.9 MPH)
|
Bottom of the 2nd over - 0 runs, 1 hit, 0 errors, 0 left on base; Las Vegas 0 - Indianapolis 0 |
TOP OF THE 3RD |
Las Vegas 51s batting - Pitching for Indianapolis Indians : LHP Josh Ramirez
|
Batting: LHB Jose Chavez
|
0-0: Called Strike 0-1: Ball 1-1: Foul Ball, location: 2F 1-2: Ball 2-2: Strikes out looking
|
Batting: RHB Alex Vasquez
|
0-0: Called Strike 0-1: Ball 1-1: Foul Ball, location: 2F 1-2: Ball 2-2: Ground out 6-3 (Groundball, 6, EV 101.2 MPH)
|
Batting: RHB Ken Fitzpatrick
|
0-0: SOLO HOME RUN (Flyball, 78XD, EV 110.0 MPH), Distance : 428 ft
|
Batting: RHB Devine Adams
|
0-0: Swinging Strike 0-1: Called Strike 0-2: Foul Ball, location: 2F 0-2: Ground out 5-3 (Groundball, 56, EV 86.9 MPH)
|
Top of the 3rd over - 1 run, 1 hit, 0 errors, 0 left on base; Las Vegas 1 - Indianapolis 0 |
BOTTOM OF THE 3RD |
Indianapolis Indians batting - Pitching for Las Vegas 51s : RHP Tony Castellanos
|
Batting: RHB Isaiah Yarbrough
|
0-0: Fly out, F9 (Flyball, 9LM, EV 108.8 MPH)
|
Batting: RHB Slamet Pamungkas
|
0-0: Ground out U3 (Groundball, 34, EV 90.6 MPH)
|
Batting: RHB Luis Ramos
|
0-0: Ball 1-0: SINGLE (Groundball, 56S, EV 74.4 MPH) (infield hit)
|
Batting: RHB Jerry Escamilla
|
0-0: Ball Luis Ramos steals 2nd base 1-0: Foul Ball, location: 2F 1-1: SINGLE (Groundball, 34S, EV 70.6 MPH) (infield hit) Luis Ramos to third
|
Batting: LHB Edwin Aguilar
|
0-0: Called Strike 0-1: Ball 1-1: Ball 2-1: Ball 3-1: Base on Balls Jerry Escamilla to second
|
Batting: LHB Marc Carter
|
0-0: Ball 1-0: Ball 2-0: Ball 3-0: Called Strike 3-1: Foul Ball, location: 2F 3-2: Base on Balls Luis Ramos scores Jerry Escamilla to third Edwin Aguilar to second
|
Batting: RHB Chris Pozzi
|
0-0: DOUBLE (Flyball, 78XD, EV 95.6 MPH) Jerry Escamilla scores Edwin Aguilar scores Marc Carter to third Runner from 3rd tries for Home, SAFE, no throw by CF
|
Batting: RHB Adam Kaeser
|
0-0: Ball 1-0: Called Strike 1-1: Fly out, F8 (Flyball, 89S, EV 94.4 MPH)
|
Bottom of the 3rd over - 4 runs, 3 hits, 0 errors, 1 left on base; Las Vegas 1 - Indianapolis 4 |
TOP OF THE 4TH |
Las Vegas 51s batting - Pitching for Indianapolis Indians : LHP Josh Ramirez
|
Batting: RHB Josh Jones
|
0-0: Called Strike 0-1: Ground out 6-3 (Groundball, 56, EV 100.0 MPH)
|
Batting: SHB Harrison Feist
|
0-0: Ball 1-0: Fly out, F8 (Flyball, 89XD, EV 80.0 MPH)
|
Batting: SHB Nelson Powell
|
0-0: Called Strike 0-1: Called Strike 0-2: Ball 1-2: Hit by Pitch
|
Batting: RHB Darwin Mills
|
0-0: Ball 1-0: Fly out, F9 (Flyball, 9, EV 94.4 MPH)
|
Top of the 4th over - 0 runs, 0 hits, 0 errors, 1 left on base; Las Vegas 1 - Indianapolis 4 |
BOTTOM OF THE 4TH |
Indianapolis Indians batting - Pitching for Las Vegas 51s : RHP Tony Castellanos
|
Batting: RHB Caleb Russell
|
0-0: Called Strike 0-1: SINGLE (Groundball, 56S, EV 63.8 MPH) (infield hit)
|
Batting: RHB Isaiah Yarbrough
|
0-0: Called Strike Caleb Russell steals 2nd base 0-1: Called Strike 0-2: Ball 1-2: Fly out, F8 (Flyball, 78D, EV 95.6 MPH)
|
Batting: RHB Slamet Pamungkas
|
0-0: Ball 1-0: Ball 2-0: Ground out 3-1 (Groundball, 34, EV 80.6 MPH) Caleb Russell to third
|
Batting: RHB Luis Ramos
|
0-0: SINGLE (Groundball, 56D, EV 94.4 MPH) Caleb Russell scores
|
Batting: RHB Jerry Escamilla
|
0-0: Ball 1-0: Called Strike Luis Ramos is caught stealing 2nd base 2-4
|
Bottom of the 4th over - 1 run, 2 hits, 0 errors, 0 left on base; Las Vegas 1 - Indianapolis 5 |
TOP OF THE 5TH |
Las Vegas 51s batting - Pitching for Indianapolis Indians : LHP Josh Ramirez
|
Batting: RHB Roger Renteria
|
0-0: Called Strike 0-1: Ball 1-1: Ball 2-1: Ground out 6-3 (Groundball, 6, EV 78.1 MPH)
|
Batting: LHB Jose Chavez
|
0-0: Ball 1-0: Ground out 6-3 (Groundball, 6M, EV 105.0 MPH)
|
Batting: RHB Alex Vasquez
|
0-0: Ball 1-0: Ground out 6-3 (Groundball, 6, EV 90.6 MPH)
|
Top of the 5th over - 0 runs, 0 hits, 0 errors, 0 left on base; Las Vegas 1 - Indianapolis 5 |
BOTTOM OF THE 5TH |
Indianapolis Indians batting - Pitching for Las Vegas 51s : RHP Tony Castellanos
|
Batting: RHB Jerry Escamilla
|
0-0: Called Strike 0-1: Ground out 6-3 (Groundball, 6, EV 88.1 MPH)
|
Batting: LHB Edwin Aguilar
|
0-0: Ball 1-0: Foul Ball, location: 2F 1-1: Ball 2-1: Ball 3-1: Foul Ball, location: 2F 3-2: Foul Ball, location: 2F 3-2: Base on Balls
|
Batting: LHB Marc Carter
|
0-0: Called Strike 0-1: Ball 1-1: SINGLE (Line Drive, 89M, EV 105.0 MPH) Edwin Aguilar to second
|
Batting: RHB Chris Pozzi
|
0-0: Called Strike 0-1: Called Strike 0-2: Ball 1-2: Ball 2-2: Fielders Choice at 2nd, 2-4 (Groundball, 15S, EV 71.2 MPH) Edwin Aguilar to third
|
Batting: RHB Adam Kaeser
|
0-0: Ball 1-0: Swinging Strike 1-1: SINGLE (Groundball, 34D, EV 101.2 MPH) Edwin Aguilar scores Chris Pozzi to second Runner from 2nd tries for 3rd, SAFE, throw by RF made to third
|
Pitching: RHP Brian Wood
|
|
Batting: RHB Caleb Russell
|
0-0: Ball 1-0: Called Strike 1-1: Ball 2-1: Foul Ball, location: 2F 2-2: Foul Ball, location: 2F 2-2: Foul Ball, location: 2F 2-2: Fielders Choice at 2nd, 6-4 (Groundball, 6, EV 83.8 MPH)
|
Bottom of the 5th over - 1 run, 2 hits, 0 errors, 2 left on base; Las Vegas 1 - Indianapolis 6 |
TOP OF THE 6TH |
Las Vegas 51s batting - Pitching for Indianapolis Indians : LHP Josh Ramirez
|
Batting: RHB Ken Fitzpatrick
|
0-0: Ball 1-0: Foul Ball, location: 2F 1-1: TRIPLE (Flyball, 78XD, EV 105.6 MPH)
|
Batting: RHB Devine Adams
|
0-0: Ground out 6-3 (Groundball, 6, EV 107.5 MPH) Ken Fitzpatrick scores
|
Batting: RHB Josh Jones
|
0-0: Ball 1-0: Called Strike 1-1: Ground out 4-3 (Groundball, 4, EV 98.8 MPH)
|
Batting: SHB Harrison Feist
|
0-0: Called Strike 0-1: Foul Ball, location: 2F 0-2: Ball 1-2: Ball 2-2: Strikes out looking
|
Top of the 6th over - 1 run, 1 hit, 0 errors, 0 left on base; Las Vegas 2 - Indianapolis 6 |
BOTTOM OF THE 6TH |
Indianapolis Indians batting - Pitching for Las Vegas 51s : RHP Brian Wood
|
Batting: RHB Isaiah Yarbrough
|
0-0: Ball 1-0: Called Strike 1-1: Ball 2-1: Foul Ball, location: 2F 2-2: Ball 3-2: Strikes out swinging
|
Batting: RHB Slamet Pamungkas
|
0-0: Called Strike 0-1: Called Strike 0-2: Fly out, F4 (Line Drive, 4, EV 60.6 MPH)
|
Batting: RHB Luis Ramos
|
0-0: Ball 1-0: Foul Ball, location: 2F 1-1: Foul Ball, location: 2F 1-2: Ball 2-2: Strikes out looking
|
Bottom of the 6th over - 0 runs, 0 hits, 0 errors, 0 left on base; Las Vegas 2 - Indianapolis 6 |
TOP OF THE 7TH |
Las Vegas 51s batting - Pitching for Indianapolis Indians : LHP Josh Ramirez
|
Batting: SHB Nelson Powell
|
0-0: Called Strike 0-1: Ball 1-1: Called Strike 1-2: Foul Ball, location: 2F 1-2: Foul Ball, location: 2F 1-2: Strikes out looking
|
Batting: RHB Darwin Mills
|
0-0: Called Strike 0-1: Foul Ball, location: 2F 0-2: Ball 1-2: Foul Ball, location: 2F 1-2: Foul Ball, location: 2F 1-2: Ground out 6-3 (Groundball, 6, EV 86.9 MPH)
|
Batting: RHB Roger Renteria
|
0-0: Called Strike 0-1: Ground out 5-3 (Groundball, 56S, EV 80.0 MPH)
|
Top of the 7th over - 0 runs, 0 hits, 0 errors, 0 left on base; Las Vegas 2 - Indianapolis 6 |
BOTTOM OF THE 7TH |
Indianapolis Indians batting - Pitching for Las Vegas 51s : RHP Brian Wood
|
Batting: RHB Jerry Escamilla
|
0-0: Ball 1-0: Ball 2-0: Ball SINGLE, rundown, out at 1st!
|
Batting: LHB Edwin Aguilar
|
0-0: Ball 1-0: Called Strike 1-1: Fly out, F8 (Flyball, 8LM, EV 76.9 MPH)
|
Batting: LHB Marc Carter
|
0-0: Called Strike 0-1: Ground out U3 (Groundball, 34, EV 87.5 MPH)
|
Bottom of the 7th over - 0 runs, 1 hit, 0 errors, 0 left on base; Las Vegas 2 - Indianapolis 6 |
TOP OF THE 8TH |
Las Vegas 51s batting - Pitching for Indianapolis Indians : LHP Josh Ramirez
|
Batting: LHB Jose Chavez
|
0-0: Foul Ball, location: 2F 0-1: Ball 1-1: Foul Ball, location: 2F 1-2: Strikes out swinging
|
Batting: RHB Alex Vasquez
|
0-0: Ball 1-0: Ball 2-0: Called Strike 2-1: Ball 3-1: Ground out 3-1 (Groundball, 34, EV 83.8 MPH)
|
Batting: RHB Ken Fitzpatrick
|
0-0: Ground out 6-3 (Groundball, 6, EV 85.6 MPH)
|
Top of the 8th over - 0 runs, 0 hits, 0 errors, 0 left on base; Las Vegas 2 - Indianapolis 6 |
BOTTOM OF THE 8TH |
Indianapolis Indians batting - Pitching for Las Vegas 51s : RHP Brian Wood
|
Pitching: RHP Ryan Wilson
|
|
Batting: RHB Chris Pozzi
|
0-0: Called Strike 0-1: Foul Ball, location: 2F 0-2: Ball 1-2: Strikes out swinging
|
Batting: RHB Adam Kaeser
|
0-0: Ball 1-0: Ball 2-0: Fly out, F9 (Flyball, 9S, EV 74.4 MPH)
|
Batting: RHB Caleb Russell
|
0-0: Called Strike 0-1: Ball 1-1: Ball 2-1: SINGLE (Groundball, 4MD, EV 100.0 MPH)
|
Batting: RHB Isaiah Yarbrough
|
0-0: Swinging Strike 0-1: Ball 1-1: Ball 2-1: Foul Ball, location: 2F 2-2: Ball 3-2: Fly out, F9 (Flyball, 89S, EV 75.0 MPH)
|
Bottom of the 8th over - 0 runs, 1 hit, 0 errors, 1 left on base; Las Vegas 2 - Indianapolis 6 |
TOP OF THE 9TH |
Las Vegas 51s batting - Pitching for Indianapolis Indians : LHP Josh Ramirez
|
Batting: RHB Devine Adams
|
0-0: Called Strike 0-1: Ground out U3 (Groundball, 23, EV 92.5 MPH)
|
Batting: RHB Josh Jones
|
0-0: Called Strike 0-1: Ball 1-1: SINGLE (Groundball, 34S, EV 70.6 MPH) (infield hit)
|
Pitching: LHP Hideharu Omoto
|
|
Batting: SHB Harrison Feist
|
0-0: Foul Ball, location: 2F 0-1: Called Strike 0-2: Ball 1-2: Ball 2-2: Ball 3-2: Base on Balls Josh Jones to second
|
Pitching: RHP Robby Poyfair
|
|
Batting: SHB Nelson Powell
|
0-0: Ball 1-0: SINGLE (Line Drive, 56, EV 95.0 MPH) Josh Jones to third Harrison Feist to second
|
Batting: RHB Darwin Mills
|
0-0: Called Strike 0-1: Ball 1-1: Ball 2-1: SINGLE (Groundball, 34D, EV 101.2 MPH) Josh Jones scores Harrison Feist to third Nelson Powell to second
|
Batting: RHB Roger Renteria
|
0-0: Called Strike 0-1: Ball 1-1: Hit by Pitch Harrison Feist scores Nelson Powell to third Darwin Mills to second
|
Batting: LHB Jose Chavez
|
0-0: Called Strike 0-1: Foul Ball, location: 2F 0-2: Strikes out swinging
|
Batting: RHB Alex Vasquez
|
0-0: Fly out, F9 (Flyball, 89M, EV 87.5 MPH)
|
Top of the 9th over - 2 runs, 3 hits, 0 errors, 3 left on base; Las Vegas 4 - Indianapolis 6 |
|